 Dungeon Sprint DCSS version 0.17-a0-2147-gfb20a63 (webtiles) character file.

226018 Kidiri the Ninja (level 17, -34/93 HPs)
             Began as a Spriggan Enchanter on Oct 24, 2015.
             Was the Champion of Dithmenos.
             Annihilated by an acid blob (36 damage)
             ... created by the royal jelly
             ... in the Dungeon (Sprint III: "The Ten Rune Challenge").
             The game lasted 01:33:11 (18193 turns).

Kidiri the Ninja (Spriggan Enchanter)              Turns: 18193, Time: 01:33:11

Health: -34/93     AC:  6    Str: 10    XL:     17   Next: 21%
Magic:  5/44       EV: 44    Int: 30    God:    Dithmenos [******]
Gold:   717        SH: 10    Dex: 26    Spells: 16 memorised, 6 levels left

rFire  . . .     SeeInvis +     m - +6 quick blade "Lur Jeg" {holy, Int+4}
rCold  + + .     Clarity  +     F - +2 robe {rC+}
rNeg   . . .     SustAt   .     l - +0 buckler {reflect}
rPois  +         Gourm    .     w - +0 hat {Int+3}
rElec  +         Spirit   .     y - +2 cloak of the Thief {+Fog Slay-2 SInv Stlth+}
rCorr  +         Warding  .     (gloves unavailable)
rMut   .         NoTele   +     (boots unavailable)
MR     ++...                    I - amulet of resist corrosion
Stlth  ++++++++++               h - ring of Lies {rElec rF+ Str+4 Dex+3 Stlth-}
                                K - ring "Igimeq Onir" {Ice Int+4}

@: stone skin, corroded equipment, very slightly contaminated, wreathed by
umbra, invisible, very quick, very resistant to hostile enchantments, uncannily
stealthy
A: unfitting armour, thin skeletal structure 1, see invisible, clarity,
herbivore 3, speed 3, poison resistance, slow metabolism 2, spit poison 1,
strong 1
a: Spit Poison, Shadow Step, Shadow Form, Renounce Religion, Evoke Fog
}: 4/10 runes: serpentine, barnacled, silver, golden


You were in the Dungeon.
You worshipped Dithmenos.
Dithmenos was exalted by your worship.
You were hungry.

You visited 1 branch You collected 4000 gold pieces.
You spent 3283 gold pieces at shops.

Inventory:

Hand Weapons
 m - the +6 quick blade "Lur Jeg" (weapon) {holy, Int+4}
   (You found it in the Dungeon)

   It has been blessed by the Shining One to cause great damage to the undead
   and demons.
   It affects your intelligence (+4).
Missiles
 u - 23 throwing nets (quivered)
Armour
 l - a +0 buckler of reflection (worn)
 n - a +1 robe of resistance
 w - a +0 hat of intelligence (worn)
 y - the +2 cloak of the Thief (worn) {+Fog Slay-2 SInv Stlth+}
   (You acquired it in the Dungeon)

   It affects your accuracy and damage with ranged weapons and melee attacks
   (-2).
   It lets you see invisible.
   It can be evoked to emit clouds of fog.
   It makes you more stealthy.
 F - a +2 robe of cold resistance (worn)
Jewellery
 f - the ring "Asoumenu" {rF+ rC+}
   (You took it off a vault guard in the Dungeon)

   [ring of protection from fire]

   It protects you from fire.
   It protects you from cold.
 h - the ring of Lies (right hand) {rElec rF+ Str+4 Dex+3 Stlth-}
   (You took it off a frost giant in the Dungeon)

   [ring of loudness]

   It affects your strength (+4).
   It affects your dexterity (+3).
   It protects you from fire.
   It insulates you from electricity.
   It makes you less stealthy.
 z - an uncursed ring of flight
 G - the amulet of Twilight {Gourm rN+ Int+4 Slay-5 Stlth+}
   (You found it in the Dungeon)

   [amulet of the gourmand]

   It allows you to eat raw meat even when not hungry.
   It affects your intelligence (+4).
   It affects your accuracy and damage with ranged weapons and melee attacks
   (-5).
   It protects you from negative energy.
   It makes you more stealthy.
 I - an amulet of resist corrosion (around neck)
 J - the ring of Sikubin {rN+ Str+6}
   (You took it off a deep elf annihilator in the Dungeon)

   [ring of positive energy]

   It affects your strength (+6).
   It protects you from negative energy.
 K - the ring "Igimeq Onir" (left hand) {Ice Int+4}
   (You took it off a guardian mummy in the Dungeon)

   [ring of ice]

   It enhances your ice magic, and weakens your fire magic.
   It affects your intelligence (+4).
   It makes you vulnerable to fire.
   It protects you from cold.
Wands
 b - a wand of polymorph (14)
 d - a wand of hasting (4)
 k - a wand of digging (11)
 x - a wand of disintegration (13)
 D - a wand of disintegration (13)
 N - a wand of disintegration (12)
 X - a wand of hasting (4)
Scrolls
 j - a scroll of blinking
 o - 4 scrolls of remove curse
 s - 2 scrolls of torment
 t - a scroll of recharging
 B - 3 scrolls of amnesia
 C - 2 scrolls of fog
 H - 3 scrolls of silence
 M - 3 scrolls of identify
Potions
 c - 3 potions of lignification
 e - 9 potions of curing
 g - 2 potions of haste
 q - 3 potions of cure mutation
 r - 8 potions of flight
 L - 2 potions of might
Books
 a - a book of the Earth

   Spells                             Type                      Level
   a - Leda's Liquefaction            Hexes/Earth                  4
   b - Bolt of Magma                  Conjuration/Fire/Earth       5
   c - Statue Form                    Transmutation/Earth          6
   d - Iron Shot                      Conjuration/Earth            6
   e - Shatter                        Earth                        9
Comestibles
 p - 29 royal jellies
 v - 7 fruits


   Skills:
 + Level 12.1 Fighting
 * Level 20.7 Short Blades
 + Level 11.4 Armour
 * Level 25.6 Dodging
 O Level 27 Stealth
 * Level 10.2 Shields
 * Level 22.2 Spellcasting
 + Level 11.2 Conjurations
 + Level 16.9 Hexes
 + Level 14.0 Translocations
 + Level 12.5 Transmutations
 + Level 12.1 Ice Magic
 + Level 9.7 Air Magic
 + Level 9.0 Earth Magic
 + Level 10.4 Poison Magic
 - Level 10.2 Invocations


You had 6 spell levels left.
You knew the following spells:

 Your Spells              Type           Power        Failure   Level  Hunger
a - Corona                Hex            #######      0%          1    None
b - Ensorcelled Hibernat  Hex/Ice        ######       0%          2    None
c - Confuse               Hex            #######.     0%          3    None
d - Tukima's Dance        Hex            #######.     0%          3    None
e - Dazzling Spray        Conj/Hex       #######.     0%          3    None
f - Apportation           Tloc           #######...   0%          1    None
g - Invisibility          Hex            #######.     1%          6    None
h - Searing Ray           Conj           ######       0%          2    None
i - Mephitic Cloud        Conj/Pois/Air  #######.     1%          3    None
j - Orb of Destruction    Conj           #######...   12%         7    ##.....
k - Stone Arrow           Conj/Erth      ######       1%          3    None
l - Stoneskin             Trmt/Erth      #######.     1%          2    None
m - Passwall              Trmt/Erth      #######...   1%          3    None
n - Petrify               Trmt/Erth      #######.     1%          4    None
o - Lee's Rapid Deconstr  Erth           ######....   1%          5    None
p - Iron Shot             Conj/Erth      #######...   2%          6    None


Dungeon Overview and Level Annotations

Branches:
Dungeon (1/1)

Altars:
Cheibriados
Dithmenos
Elyvilon
Fedhas
Gozag
Kikubaaqudgha
Makhleb
Nemelex Xobeh
Okawaru
Qazlal
Ru
Sif Muna
Trog
Vehumet
Xom
Yredelemnul
Zin
The Shining One
Jiyva
Lugonu

Shops:
D [%=}[?!%%}%!((=?}?%%[!:}

Annotations:
D Royal Jelly


Innate Abilities, Weirdness & Mutations

You are tiny and cannot use many weapons and most armour.
You have supernaturally acute eyesight.
You are a herbivore.
You cover ground extremely quickly.
You need consume almost no food.
You have a somewhat thin skeletal structure (Dex +2, Stealth).
You possess an exceptional clarity of mind.
Your system is resistant to poisons.
You can spit weak poison.
Your muscles are strong. (Str +2)


Message History

Unknown command.
Evoke which item? (* to show all) (? for menu, Esc to quit)
Okay, then.
Unknown command.
Drink which item? (? for menu, Esc to quit)
You feel better. The azure jelly hits you.
* * * LOW HITPOINT WARNING * * *
The azure jelly freezes you! You resist.
* * * LOW HITPOINT WARNING * * *
You emit a cloud of dark smoke.
The azure jelly completely misses you. You block the azure jelly's attack.
The azure jelly hits you but does no damage.
Unknown command.
The acid blob completely misses you. The death ooze misses you.
The death ooze completely misses you.
Unknown command.
You hit the death ooze but do no damage.
Your shadow hits the death ooze but does no damage.
The acid blob hits you!!!
You die...

▓...#≈P..........♣
▓...+≈≈...########♣♣
▓...#≈≈≈..........P♣
▓...#≈≈≈≈P.........♣
#'#############+#####
##.###### ▓......
##§#§§.### ▓≈≈....
##§§.§...## ▓≈≈≈P..
##§§@JJ....## ▓≈≈≈≈≈.
#§§JJ###....# ▓≈≈≈≈≈≈
#§§§##%##...# ▓≈≈≈≈≈≈
##§J#!φ)#..## ▓≈≈≈≈≈≈
#..§##(##...# ▓≈≈≈≈≈≈
#..JJ###....# ▓≈≈≈≈≈≈
##....J....## ▓≈≈≈≈≈≈
##.......## ▓≈≈≈≈≈≈
###._.### ▓≈≈≈≈≈≈


You could see the royal jelly, 5 acid blobs, an azure jelly and a death ooze.

Vanquished Creatures
  An ancient lich (D)
  Mara (D)
  Mennas (D)
  2 greater mummies (D)
  Boris (D)
  Norris (D)
  Sigmund (D)
  A golden dragon (D)
  Rupert (D)
  A lich (D)
  A deep elf blademaster (D)
  A quicksilver dragon (D)
  An ancient champion (D)
  A sphinx (D)
  A kraken (D)
  Gastronok (D)
  Chuck (D)
  3 shadow dragons (D)
  Roxanne (D)
  6 azure jellies (D)
  A greater naga (D)
  3 fire giants (D)
  Maud (D)
  A frost giant (D)
  2 vampire knights (D)
  2 deep elf demonologists (D)
  2 dire elephants (D)
  Azrael (D)
  2 deep elf annihilators (D)
  11 vault guards (D)
  2 deep elf death magi (D)
  12 mummy priests (D)
  A fire dragon (D)
  5 death oozes (D)
  4 yaktaur captains (D)
  An ogre mage (D)
  An ice dragon (shapeshifter) (D)
  A hydra (D)
  A naga warrior (D)
  Erolcha (D)
  An anaconda (shapeshifter) (D)
  5 anacondas (D)
  2 centaur warriors (D)
  3 alligator snapping turtles (D)
  4 death yaks (D)
  4 dancing weapons (D)
  2 titan zombies (D)
  4 deep elf knights (D)
  A shadow wraith (D)
  8 skeletal warriors (D)
  A golden dragon zombie (D)
  A ball lightning (D)
  A death drake (D)
  A lindwurm (D)
  A spriggan druid (D)
  2 anaconda zombies (D)
  An obsidian statue (D)
  A deep elf summoner (D)
  2 swamp dragons (shapeshifter) (D)
  A hornet (D)
  2 oklob plants (D)
  3 ugly things (D)
  A wolf spider (shapeshifter) (D)
  An orc knight (D)
  4 crystal guardians (D)
  2 shining eyes (D)
  A faun (shapeshifter) (D)
  2 elephants (D)
  A molten gargoyle (D)
  A guardian serpent (D)
  6 black mambas (D)
  8 statues (D)
  Edmund (D)
  An orange crystal statue (D)
  2 spiny frogs (D)
  A fire drake (D)
  12 guardian mummies (D)
  A komodo dragon (D)
  A yaktaur (D)
  A deep elf priest (D)
  4 spriggan defenders (D)
  3 wandering mushrooms (D)
  10 slime creatures (D)
  A queen bee (D)
  8 blink frogs (D)
  2 orc high priests (D)
  3 snapping turtles (D)
  4 redbacks (D)
  2 spriggans (D)
  A shadow (D)
  2 trapdoor spiders (D)
  2 nagas (D)
  2 hill giants (D)
  A spatial vortex (D)
  2 iron troll simulacra (D)
  A necrophage (D)
  A swamp drake (D)
  2 hydra simulacra (D)
  A black mamba simulacrum (D)
  5 water moccasins (D)
  2 wasps (D)
  3 two-headed ogres (D)
  2 brain worms (D)
  A water elemental (D)
  32 killer bees (D)
  An electric eel (D)
  A jelly (D)
  4 orc priests (D)
  2 orc wizards (D)
  Jessica (D)
  A necromancer (D)
  A polar bear simulacrum (D)
  A wizard (D)
  A kobold demonologist (D)
  A wolf simulacrum (D)
  3 humans (D)
  7 adders (D)
  5 giant eyeballs (D)
  2 oozes (D)
  A phantom (D)
  6 orcs (D)
  A rat (D)
  A bush (D)
  2 butterflies (D)
  6 plants (D)
326 creatures vanquished.

Vanquished Creatures (collateral kills)
  A frost giant (D)
  5 vault guards (D)
  An orc high priest (D)
  A skeletal warrior (D)
  An orc warrior (D)
  3 orc priests (D)
  An orc (D)
  A goblin (D)
  A butterfly (D)
15 creatures vanquished.

Vanquished Creatures (others)
  A sphinx (D)
  2 draconian scorchers (D)
  A mummy priest (D)
  A hydra (D)
  An anaconda (D)
  6 dancing weapons (D)
  3 yaktaurs (D)
  An adder (D)
  8 plants (D)
  4 tentacles (D)
  39 tentacle segments (D)
67 creatures vanquished.

Grand Total: 408 creatures vanquished

Notes
Turn   | Place    | Note
--------------------------------------------------------------
     0 | D        | Kidiri the Spriggan Enchanter began the quest for the Orb.
     0 | D        | Reached XP level 1. HP: 9/9 MP: 5/5
    11 | D        | Reached skill level 5 in Stealth
    11 | D        | Reached XP level 2. HP: 14/14 MP: 7/7
    24 | D        | Noticed Jessica
    37 | D        | Killed Jessica
    37 | D        | Reached skill level 1 in Fighting
    37 | D        | Reached skill level 1 in Armour
    37 | D        | Reached XP level 3. HP: 3/18 MP: 5/9
   104 | D        | Killed a yaktaur
   226 | D        | Killed a white draconian scorcher
   281 | D        | Learned a level 2 spell: Ensorcelled Hibernation
   285 | D        | Learned a level 3 spell: Confuse
   289 | D        | Learned a level 3 spell: Dazzling Spray
   309 | D        | Reached skill level 5 in Dodging
   309 | D        | Reached skill level 6 in Stealth
   374 | D        | Killed a white draconian scorcher
   611 | D        | Gained mutation: You can spit weak poison. [potion of mutation]
   611 | D        | Gained mutation: Your muscles are strong. (Str +2) [potion of mutation]
   611 | D        | Gained mutation: Your system is resistant to poisons. [potion of mutation]
   612 | D        | Gained mutation: You possess an exceptional clarity of mind. [potion of mutation]
   621 | D        | Noticed a water elemental
   624 | D        | Killed a water elemental
   624 | D        | Reached skill level 7 in Stealth
   624 | D        | Reached skill level 5 in Spellcasting
   624 | D        | Reached skill level 1 in Conjurations
   624 | D        | Reached skill level 1 in Ice Magic
   624 | D        | Reached XP level 4. HP: 23/23 MP: 12/12
   629 | D        | Learned a level 3 spell: Tukima's Dance
   703 | D        | Noticed a jelly
   704 | D        | Noticed a shadow
   706 | D        | Killed a shadow
   706 | D        | Reached skill level 5 in Short Blades
   706 | D        | Reached skill level 8 in Stealth
   706 | D        | Reached skill level 5 in Hexes
   706 | D        | Reached XP level 5. HP: 27/27 MP: 13/15
   712 | D        | Killed a jelly
   712 | D        | Reached skill level 9 in Stealth
   712 | D        | Reached XP level 6. HP: 23/32 MP: 11/16
   797 | D        | Found a stormy altar of Qazlal.
   798 | D        | Found a sacrificial altar of Ru.
   798 | D        | Found a burning altar of Makhleb.
   798 | D        | Found a viscous altar of Jiyva.
   798 | D        | Found a shimmering altar of Xom.
   798 | D        | Found a shadowy altar of Dithmenos.
   798 | D        | Found a sparkling altar of Nemelex Xobeh.
   798 | D        | Found a corrupted altar of Lugonu.
   798 | D        | Found an opulent altar of Gozag.
   798 | D        | Noticed a spatial vortex
   802 | D        | Became a worshipper of Dithmenos the Shadowed
   821 | D        | Killed a spatial vortex
   821 | D        | Reached skill level 1 in Invocations
   951 | D        | Found a radiant altar of Vehumet.
   952 | D        | Found a deep blue altar of Sif Muna.
   952 | D        | Found an ancient bone altar of Kikubaaqudgha.
   952 | D        | Noticed a wizard
   953 | D        | Killed a wizard
   955 | D        | Reached * piety under Dithmenos
  1025 | D        | Found a glowing silver altar of Zin.
  1026 | D        | Found a glowing golden altar of the Shining One.
  1026 | D        | Found a white marble altar of Elyvilon.
  1026 | D        | Noticed a deep elf priest
  1041 | D        | Killed a deep elf priest
  1041 | D        | Reached skill level 10 in Stealth
  1041 | D        | Reached XP level 7. HP: 32/36 MP: 6/19
  1099 | D        | Killed a yaktaur
  1126 | D        | Found an iron altar of Okawaru.
  1127 | D        | Found a bloodstained altar of Trog.
  1127 | D        | Noticed a human
  1127 | D        | Noticed a human
  1129 | D        | Killed a human
  1129 | D        | Reached skill level 10 in Dodging
  1138 | D        | Killed a human
  1138 | D        | Reached ** piety under Dithmenos
  1138 | D        | Reached skill level 11 in Stealth
  1176 | D        | Found a snail-covered altar of Cheibriados.
  1176 | D        | Noticed a necrophage
  1177 | D        | Found a basalt altar of Yredelemnul.
  1177 | D        | Found a blossoming altar of Fedhas.
  1177 | D        | Noticed a necromancer
  1178 | D        | Killed a necromancer
  1189 | D        | Killed a necrophage
  1189 | D        | Reached XP level 8. HP: 34/39 MP: 12/21
  1248 | D        | Noticed a two-headed ogre
  1248 | D        | Noticed a two-headed ogre
  1252 | D        | Killed a two-headed ogre
  1254 | D        | Killed a two-headed ogre
  1254 | D        | Reached *** piety under Dithmenos
  1258 | D        | Noticed a two-headed ogre
  1259 | D        | Killed a two-headed ogre
  1268 | D        | Noticed a hill giant
  1271 | D        | Killed a hill giant
  1276 | D        | Noticed a hill giant
  1276 | D        | Noticed Erolcha
  1278 | D        | Killed Erolcha
  1278 | D        | Reached **** piety under Dithmenos
  1278 | D        | Reached skill level 12 in Stealth
  1278 | D        | Reached XP level 9. HP: 44/44 MP: 23/23
  1279 | D        | Killed a hill giant
  1279 | D        | Reached skill level 10 in Spellcasting
  1394 | D        | Noticed a redback
  1421 | D        | Killed a redback
  1524 | D        | Noticed a trapdoor spider
  1527 | D        | Noticed a trapdoor spider
  1528 | D        | Killed a trapdoor spider
  1528 | D        | Reached skill level 13 in Stealth
  1532 | D        | Killed a trapdoor spider
  1618 | D        | Noticed a killer bee
  1618 | D        | Noticed a killer bee
  1618 | D        | Noticed a killer bee
  1619 | D        | Noticed a killer bee
  1619 | D        | Noticed a killer bee
  1619 | D        | Noticed a killer bee
  1619 | D        | Noticed a killer bee
  1619 | D        | Noticed a killer bee
  1619 | D        | Noticed a killer bee
  1619 | D        | Noticed a killer bee
  1619 | D        | Noticed a killer bee
  1619 | D        | Noticed a killer bee
  1619 | D        | Noticed a killer bee
  1619 | D        | Noticed a killer bee
  1619 | D        | Noticed a killer bee
  1619 | D        | Noticed a killer bee
  1619 | D        | Noticed a killer bee
  1619 | D        | Noticed a killer bee
  1619 | D        | Noticed a killer bee
  1619 | D        | Noticed a queen bee
  1619 | D        | Noticed a killer bee
  1619 | D        | Noticed a killer bee
  1619 | D        | Noticed a killer bee
  1619 | D        | Noticed a killer bee
  1619 | D        | Noticed a killer bee
  1619 | D        | Noticed a killer bee
  1619 | D        | Noticed a killer bee
  1619 | D        | Noticed a killer bee
  1619 | D        | Noticed a killer bee
  1619 | D        | Noticed a killer bee
  1619 | D        | Noticed a killer bee
  1619 | D        | Noticed a killer bee
  1619 | D        | Noticed a killer bee
  1621 | D        | Killed a killer bee
  1623 | D        | Killed a killer bee
  1626 | D        | Killed a killer bee
  1626 | D        | Reached ***** piety under Dithmenos
  1628 | D        | Killed a killer bee
  1630 | D        | Killed a killer bee
  1632 | D        | Killed a killer bee
  1634 | D        | Killed a killer bee
  1636 | D        | Killed a killer bee
  1638 | D        | Killed a killer bee
  1640 | D        | Killed a killer bee
  1644 | D        | Killed a killer bee
  1646 | D        | Killed a killer bee
  1778 | D        | Killed a killer bee
  1780 | D        | Killed a killer bee
  1782 | D        | Killed a killer bee
  1784 | D        | Killed a killer bee
  1786 | D        | Killed a killer bee
  1786 | D        | Reached skill level 5 in Ice Magic
  1788 | D        | Killed a killer bee
  1788 | D        | Reached ****** piety under Dithmenos
  1790 | D        | Killed a killer bee
  1792 | D        | Killed a killer bee
  1796 | D        | Killed a killer bee
  1798 | D        | Killed a killer bee
  1926 | D        | Killed a killer bee
  1930 | D        | Killed a killer bee
  1932 | D        | Killed a killer bee
  1932 | D        | Reached skill level 5 in Fighting
  1932 | D        | Reached skill level 14 in Stealth
  1934 | D        | Killed a killer bee
  1934 | D        | Reached skill level 5 in Invocations
  1936 | D        | Killed a killer bee
  1938 | D        | Killed a killer bee
  1940 | D        | Killed a killer bee
  1940 | D        | Reached XP level 10. HP: 50/50 MP: 7/26
  1942 | D        | Killed a killer bee
  1942 | D        | Reached skill level 10 in Short Blades
  1944 | D        | Killed a killer bee
  2083 | D        | Killed a killer bee
  2090 | D        | Killed a queen bee
  2193 | D        | Noticed a wandering mushroom
  2194 | D        | Noticed a wandering mushroom
  2194 | D        | Noticed a wandering mushroom
  2203 | D        | Killed a wandering mushroom
  2295 | D        | Killed a wandering mushroom
  2297 | D        | Killed a wandering mushroom
  2347 | D        | Noticed a spiny frog
  2347 | D        | Noticed a komodo dragon
  2347 | D        | Noticed a spiny frog
  2352 | D        | Killed a spiny frog
  2352 | D        | Reached skill level 5 in Armour
  2354 | D        | Killed a spiny frog
  2355 | D        | Killed a komodo dragon
  2356 | D        | Noticed a redback
  2358 | D        | Killed a redback
  2359 | D        | Noticed a brain worm
  2362 | D        | Killed a brain worm
  2362 | D        | Reached skill level 15 in Stealth
  2367 | D        | Noticed a brain worm
  2369 | D        | Killed a brain worm
  2372 | D        | Noticed a lindwurm
  2374 | D        | Noticed a redback
  2375 | D        | Killed a lindwurm
  2377 | D        | Killed a redback
  2377 | D        | Reached skill level 5 in Conjurations
  2381 | D        | Noticed a redback
  2382 | D        | Killed a redback
  2383 | D        | Noticed Maud
  2385 | D        | Killed Maud
  2385 | D        | Reached XP level 11. HP: 53/55 MP: 28/28
  2393 | D        | Noticed an electric eel
  2395 | D        | Noticed a seven-headed hydra
  2395 | D        | Noticed a five-headed hydra
  2398 | D        | Killed an electric eel
  2694 | D        | Killed a seven-headed hydra
  2697 | D        | Killed a five-headed hydra
  2697 | D        | Reached skill level 15 in Dodging
  2697 | D        | Reached skill level 16 in Stealth
  2725 | D        | Noticed a death drake
  2728 | D        | Killed a death drake
  2735 | D        | Found a blossoming altar of Fedhas.
  2735 | D        | Noticed a spriggan
  2735 | D        | Noticed a spriggan druid
  2735 | D        | Noticed a spriggan
  2737 | D        | Killed a spriggan druid
  2737 | D        | Reached skill level 10 in Hexes
  2738 | D        | Killed a spriggan
  2739 | D        | Killed a spriggan
  2763 | D        | Noticed a black mamba
  2763 | D        | Noticed a black mamba
  2763 | D        | Noticed a water moccasin
  2763 | D        | Noticed an anaconda
  2763 | D        | Noticed a water moccasin
  2763 | D        | Noticed an anaconda
  2765 | D        | Killed a black mamba
  2775 | D        | Killed a black mamba
  2906 | D        | Killed an anaconda
  3066 | D        | Killed a water moccasin
  3091 | D        | Killed an anaconda
  3103 | D        | Noticed an anaconda
  3103 | D        | Noticed a water moccasin
  3103 | D        | Noticed a water moccasin
  3103 | D        | Noticed an anaconda
  3104 | D        | Killed a water moccasin
  3199 | D        | Noticed an anaconda
  3199 | D        | Noticed a black mamba
  3200 | D        | Noticed a water moccasin
  3200 | D        | Noticed a black mamba
  3201 | D        | Killed an anaconda
  3203 | D        | Killed an anaconda
  3203 | D        | Reached skill level 17 in Stealth
  3204 | D        | Killed a water moccasin
  3205 | D        | Killed a water moccasin
  3207 | D        | Killed an anaconda
  3208 | D        | Killed a black mamba
  3210 | D        | Killed a water moccasin
  3211 | D        | Killed a black mamba
  3227 | D        | Noticed an anaconda
  3236 | D        | Killed an anaconda
  3252 | D        | Noticed a naga
  3252 | D        | Noticed a naga
  3253 | D        | Noticed a naga warrior
  3253 | D        | Noticed a greater naga
  3253 | D        | Found Nasikyi's Gadget Shop.
  3253 | D        | Found Bostrorghi's Antique Armour Shoppe.
  3254 | D        | Killed a naga
  3255 | D        | Killed a naga
  3256 | D        | Found Gopre's Magic Scroll Boutique.
  3257 | D        | Killed a naga warrior
  3257 | D        | Reached XP level 12. HP: 62/62 MP: 25/31
  3258 | D        | Killed a greater naga
  3258 | D        | Reached skill level 18 in Stealth
  3267 | D        | Noticed a guardian serpent
  3269 | D        | Killed a guardian serpent
  3270 | D        | Got a serpentine rune of Zot
  3407 | D        | Killed a yaktaur
  3445 | D        | Noticed a swamp drake
  3445 | D        | Noticed a fire drake
  3446 | D        | Killed a fire drake
  3448 | D        | Killed a swamp drake
  3454 | D        | Noticed a blink frog
  3454 | D        | Noticed a blink frog
  3454 | D        | Noticed a blink frog
  3455 | D        | Noticed a blink frog
  3457 | D        | Killed a blink frog
  3458 | D        | Noticed a blink frog
  3463 | D        | Killed a blink frog
  3474 | D        | Killed a blink frog
  3499 | D        | Killed a blink frog
  3507 | D        | Killed a blink frog
  3575 | D        | Noticed Rupert
  3579 | D        | Paralysed by Rupert for 2 turns
  3593 | D        | Killed Rupert
  3680 | D        | Noticed a death yak
  3681 | D        | Noticed a death yak
  3681 | D        | Noticed a blink frog
  3682 | D        | Noticed an azure jelly
  3682 | D        | Noticed a death yak
  3682 | D        | Noticed an azure jelly
  3682 | D        | Noticed a blink frog
  3682 | D        | Noticed a death yak
  3683 | D        | Noticed a blink frog
  3695 | D        | Killed a death yak
  3701 | D        | Killed a death yak
  3706 | D        | Killed a death yak
  3708 | D        | Killed a blink frog
  3708 | D        | Reached skill level 15 in Spellcasting
  3710 | D        | Killed a blink frog
  3715 | D        | Killed a blink frog
  3735 | D        | Noticed a black mamba
  3738 | D        | Killed a black mamba
  3738 | D        | Reached skill level 19 in Stealth
  3753 | D        | Noticed a black mamba
  3756 | D        | Killed a black mamba
  3928 | D        | Killed a death yak
  3987 | D        | Noticed a snapping turtle
  3987 | D        | Noticed a snapping turtle
  3988 | D        | Noticed a kraken
  3989 | D        | Killed a snapping turtle
  3992 | D        | Killed a snapping turtle
  4027 | D        | Killed a kraken
  4043 | D        | Noticed a snapping turtle
  4043 | D        | Noticed an alligator snapping turtle
  4044 | D        | Found Ymmozy's Antique Armour Shoppe.
  4044 | D        | Found Zereg's Food Boutique.
  4044 | D        | Found Cohim's Jewellery Shop.
  4044 | D        | Noticed an alligator snapping turtle
  4044 | D        | Noticed an alligator snapping turtle
  4046 | D        | Killed a snapping turtle
  4048 | D        | Killed an alligator snapping turtle
  4048 | D        | Reached XP level 13. HP: 67/67 MP: 28/33
  4079 | D        | Killed an alligator snapping turtle
  4084 | D        | Killed an alligator snapping turtle
  4144 | D        | Got a barnacled rune of Zot
  4190 | D        | Noticed an azure jelly
  4190 | D        | Noticed an azure jelly
  4191 | D        | Noticed an elephant
  4191 | D        | Noticed an elephant
  4191 | D        | Noticed a dire elephant
  4191 | D        | Noticed a dire elephant
  4191 | D        | Noticed Gastronok
  4210 | D        | Killed Gastronok
  4437 | D        | Killed an elephant
  4457 | D        | Killed a dire elephant
  4457 | D        | Reached skill level 20 in Stealth
  4462 | D        | Killed an elephant
  4546 | D        | Killed a dire elephant
  4808 | D        | Noticed an orc priest
  4809 | D        | Noticed an orc high priest
  4809 | D        | Noticed an orc wizard
  4809 | D        | Noticed an orc priest
  4809 | D        | Noticed an orc priest
  4809 | D        | Noticed an orc priest
  4809 | D        | Noticed an orc wizard
  4809 | D        | Noticed an orc knight
  4809 | D        | Noticed an orc warrior
  4809 | D        | Noticed an orc priest
  4810 | D        | Killed an orc priest
  4813 | D        | Killed an orc wizard
  4818 | D        | Killed an orc priest
  4821 | D        | Killed an orc priest
  4824 | D        | Killed an orc priest
  4826 | D        | Killed an orc high priest
  4827 | D        | Killed an orc knight
  4828 | D        | Killed an orc priest
  4830 | D        | Killed an orc warrior
  4832 | D        | Killed an orc wizard
  4842 | D        | Found Sufepogu's Distillery.
  4967 | D        | Noticed a deep elf knight
  4967 | D        | Noticed a deep elf knight
  4967 | D        | Noticed a deep elf knight
  4967 | D        | Noticed a deep elf knight
  4967 | D        | Noticed a deep elf summoner
  4974 | D        | Noticed a deep elf demonologist
  4977 | D        | Killed a deep elf knight
  4980 | D        | Killed a deep elf knight
  4983 | D        | Killed a deep elf knight
  4985 | D        | Killed a deep elf knight
  4989 | D        | Killed a deep elf summoner
  4989 | D        | Reached skill level 15 in Short Blades
  5007 | D        | Bought a potion of curing for 39 gold pieces
  5007 | D        | Bought a potion of curing for 39 gold pieces
  5007 | D        | Bought a potion of curing for 39 gold pieces
  5128 | D        | Bought a slimy cloak for 199 gold pieces
  5133 | D        | Identified the +2 cloak of the Bard {rF+} (You bought it in a shop in the Dungeon)
  5134 | D        | Bought a scroll of identify for 28 gold pieces
  5134 | D        | Bought a scroll of blinking for 105 gold pieces
  5134 | D        | Bought a scroll of identify for 28 gold pieces
  5134 | D        | Bought a scroll of blinking for 105 gold pieces
  5270 | D        | Bought a +3 ring of dexterity for 188 gold pieces
  5270 | D        | Bought a +4 ring of intelligence for 324 gold pieces
  5270 | D        | Bought an uncursed ring of flight for 210 gold pieces
  5404 | D        | Noticed a deep elf annihilator
  5405 | D        | Noticed a deep elf death mage
  5472 | D        | Killed a deep elf death mage
  5473 | D        | Killed a deep elf annihilator
  5585 | D        | Noticed a deep elf annihilator
  5586 | D        | Noticed a deep elf demonologist
  5588 | D        | Noticed a deep elf blademaster
  5593 | D        | Noticed a deep elf death mage
  5742 | D        | Noticed an Ice Fiend
  6078 | D        | Killed a deep elf demonologist
  6084 | D        | Noticed a cacodemon
  6226 | D        | Killed a deep elf death mage
  6232 | D        | Killed a ghostly deep elf death mage
  6376 | D        | Killed a deep elf demonologist
  6376 | D        | Reached skill level 21 in Stealth
  6376 | D        | Reached skill level 10 in Invocations
  6381 | D        | Killed a deep elf annihilator
  6523 | D        | Killed a deep elf blademaster
  6557 | D        | Got a sparkling amber ring
  6579 | D        | Identified the Catalogue of Congealing Attacks
  6673 | D        | Identified the ring of Sikubin {rN+ Str+6} (You took it off a deep elf annihilator in the Dungeon)
  6760 | D        | Learned a level 1 spell: Apportation
  6767 | D        | Learned a level 6 spell: Invisibility
  6783 | D        | Learned a level 2 spell: Searing Ray
  6787 | D        | Learned a level 3 spell: Mephitic Cloud
  6795 | D        | Learned a level 7 spell: Orb of Destruction
  6844 | D        | Noticed Sigmund
  6844 | D        | Noticed Edmund
  6846 | D        | Killed Sigmund
  6846 | D        | Reached skill level 1 in Air Magic
  6846 | D        | Reached skill level 1 in Poison Magic
  6846 | D        | Reached XP level 14. HP: 74/74 MP: 31/36
  6847 | D        | Killed Edmund
  6871 | D        | Noticed an orc priest
  6871 | D        | Noticed an orc high priest
  6872 | D        | Noticed an orc priest
  6872 | D        | Noticed an orc high priest
  6873 | D        | Killed an orc high priest
  6874 | D        | Killed an orc priest
  6876 | D        | Killed an orc high priest
  6879 | D        | Killed an orc priest
  6931 | D        | Noticed a spriggan defender
  6932 | D        | Noticed a spriggan defender
  6932 | D        | Noticed a spriggan defender
  6932 | D        | Noticed a spriggan defender
  6933 | D        | Killed a spriggan defender
  6934 | D        | Killed a spriggan defender
  6936 | D        | Killed a spriggan defender
  6937 | D        | Killed a spriggan defender
  7074 | D        | Noticed a swamp dragon
  7076 | D        | Killed a swamp dragon
  7113 | D        | Noticed a centaur warrior
  7117 | D        | Killed a centaur warrior
  7125 | D        | Noticed a fire dragon
  7127 | D        | Killed a fire dragon
  7155 | D        | Noticed a long sword of protection
  7155 | D        | Noticed a trident of venom
  7155 | D        | Noticed a dire flail of protection
  7156 | D        | Noticed a mace of crushing
  7157 | D        | Killed a trident of venom
  7159 | D        | Killed a mace of crushing
  7161 | D        | Killed a long sword of protection
  7163 | D        | Killed a dire flail of protection
  7163 | D        | Reached skill level 22 in Stealth
  7172 | D        | Got a jewelled quick blade
  7173 | D        | Identified the +6 quick blade "Lur Jeg" {holy, Int+4} (You found it in the Dungeon)
  7227 | D        | Noticed an orange crystal statue
  7243 | D        | Killed an orange crystal statue
  7255 | D        | Found Sero's Magic Scroll Emporium.
  7255 | D        | Found Qaorodol's Food Shop.
  7255 | D        | Found Bagroseh's Magic Scroll Boutique.
  7255 | D        | Found Ycaomaz's Gadget Shoppe.
  7255 | D        | Found Hyidd's Gadget Boutique.
  7255 | D        | Found Uthrusy's Food Emporium.
  7255 | D        | Found Onuybos's Jewellery Shoppe.
  7255 | D        | Found Licoecvo's Book Shop.
  7255 | D        | Found Fujedat's Antique Weapon Shop.
  7255 | D        | Found Qaihunn's Distillery.
  7255 | D        | Found Dawkacs's Weapon Emporium.
  7255 | D        | Found Udouv's Antique Armour Boutique.
  7273 | D        | Bought a scroll of identify for 28 gold pieces
  7273 | D        | Bought a scroll of identify for 28 gold pieces
  7273 | D        | Bought a scroll of identify for 28 gold pieces
  7279 | D        | Bought a scroll of magic mapping for 35 gold pieces
  7449 | D        | Bought a book of the Earth for 910 gold pieces
  7449 | D        | Bought a book of Geomancy for 490 gold pieces
  7453 | D        | Learned a level 3 spell: Stone Arrow
  7456 | D        | Learned a level 2 spell: Stoneskin
  7460 | D        | Learned a level 3 spell: Passwall
  7465 | D        | Learned a level 4 spell: Petrify
  7471 | D        | Learned a level 5 spell: Lee's Rapid Deconstruction
  7650 | D        | Noticed a yaktaur captain
  7652 | D        | Killed a yaktaur captain
  7654 | D        | Noticed a yaktaur
  7654 | D        | Noticed a yaktaur captain
  7656 | D        | Killed a yaktaur
  7658 | D        | Noticed a yaktaur captain
  7659 | D        | Killed a yaktaur captain
  7659 | D        | Reached skill level 1 in Transmutations
  7659 | D        | Reached skill level 1 in Earth Magic
  7662 | D        | Killed a yaktaur captain
  7662 | D        | Reached skill level 5 in Translocations
  7670 | D        | Noticed Azrael
  7672 | D        | Killed Azrael
  7876 | D        | Noticed a crystal guardian
  7876 | D        | Noticed a crystal guardian
  7876 | D        | Noticed a crystal guardian
  7876 | D        | Noticed a crystal guardian
  7877 | D        | Killed a crystal guardian
  7880 | D        | Killed a crystal guardian
  7883 | D        | Killed a crystal guardian
  7886 | D        | Killed a crystal guardian
  7982 | D        | Killed an azure jelly
  8074 | D        | Killed an azure jelly
  8408 | D        | Killed an azure jelly
  8419 | D        | Killed an azure jelly
  8655 | D        | Noticed a yaktaur captain
  8655 | D        | Noticed a purple ugly thing
  8656 | D        | Noticed a brown ugly thing
  8656 | D        | Noticed a slime creature
  8658 | D        | Killed a purple ugly thing
  8659 | D        | Noticed a slime creature
  8660 | D        | Killed a slime creature
  8662 | D        | Killed a brown ugly thing
  8664 | D        | Killed a slime creature
  8706 | D        | Killed a yaktaur captain
  8706 | D        | Reached skill level 1 in Shields
  8862 | D        | Noticed Chuck
  8866 | D        | Killed Chuck
  8866 | D        | Reached skill level 5 in Poison Magic
  9053 | D        | Noticed an anaconda
  9054 | D        | Noticed Norris
  9058 | D        | Killed an anaconda
  9060 | D        | Killed Norris
  9060 | D        | Reached skill level 10 in Fighting
  9060 | D        | Reached skill level 23 in Stealth
  9060 | D        | Reached skill level 5 in Transmutations
  9060 | D        | Reached skill level 10 in Ice Magic
  9066 | D        | Noticed an ice dragon
  9067 | D        | Noticed a wolf spider
  9067 | D        | Noticed a slime creature
  9068 | D        | Killed an ice dragon
  9069 | D        | Killed a slime creature
  9071 | D        | Killed a wolf spider
  9082 | D        | Noticed a lich
  9085 | D        | Killed a lich
  9085 | D        | Reached skill level 5 in Air Magic
  9085 | D        | Reached XP level 15. HP: 79/79 MP: 32/38
  9119 | D        | Noticed a slime creature
  9119 | D        | Noticed a slime creature
  9121 | D        | Killed a slime creature
  9122 | D        | Noticed an ogre mage
  9122 | D        | Noticed a shadow dragon
  9123 | D        | Noticed a shadow dragon
  9123 | D        | Noticed a four-headed hydra
  9124 | D        | Killed a shadow dragon
  9201 | D        | Killed a shadow dragon
  9225 | D        | Killed a slime creature
  9231 | D        | Noticed a faun
  9231 | D        | Noticed a white ugly thing
  9234 | D        | Killed a white ugly thing
  9237 | D        | Killed a faun
  9239 | D        | Killed an ogre mage
  9426 | D        | Noticed an obsidian statue
  9436 | D        | Killed an obsidian statue
  9448 | D        | Noticed a fire giant
  9448 | D        | Noticed a vault guard
  9448 | D        | Noticed a vault guard
  9568 | D        | Noticed a skeletal warrior
  9568 | D        | Noticed a skeletal warrior
  9568 | D        | Noticed a skeletal warrior
  9568 | D        | Noticed a skeletal warrior
  9571 | D        | Killed a skeletal warrior
  9572 | D        | Killed a skeletal warrior
  9574 | D        | Killed a skeletal warrior
  9607 | D        | Killed a skeletal warrior
  9733 | D        | Noticed an ancient lich
  9783 | D        | Got a serpentine bone amulet
  9793 | D        | Identified the amulet of Twilight {Gourm rN+ Int+4 Slay-5 Stlth+} (You found it in the Dungeon)
  9831 | D        | Noticed a guardian mummy
  9831 | D        | Noticed a mummy priest
  9831 | D        | Noticed a mummy priest
  9832 | D        | Noticed a sphinx
  9832 | D        | Noticed a sphinx
  9833 | D        | Noticed a mummy priest
  9834 | D        | Killed a guardian mummy
  9856 | D        | Killed a mummy priest
  9869 | D        | Killed a sphinx
  9917 | D        | Killed a mummy priest
  9937 | D        | Killed a sphinx
  9958 | D        | Killed a mummy priest
 10257 | D        | Noticed a mummy priest
 10258 | D        | Noticed a guardian mummy
 10258 | D        | Noticed a guardian mummy
 10259 | D        | Killed a mummy priest
 10261 | D        | Killed a guardian mummy
 10263 | D        | Killed a guardian mummy
 10640 | D        | Noticed a mummy priest
 10644 | D        | Noticed a guardian mummy
 10644 | D        | Noticed a mummy priest
 10644 | D        | Noticed a mummy priest
 10645 | D        | Killed a mummy priest
 10731 | D        | Killed a mummy priest
 10733 | D        | Killed a mummy priest
 10739 | D        | Killed a guardian mummy
 10991 | D        | Noticed a golden dragon
 10991 | D        | Noticed a vault guard
 10991 | D        | Noticed a vault guard
 10991 | D        | Noticed a fire giant
 10991 | D        | Noticed a vault guard
 10991 | D        | Noticed a vault guard
 10991 | D        | Noticed a skeletal warrior
 10991 | D        | Noticed a fire giant
 10991 | D        | Noticed a vault guard
 10991 | D        | Noticed a vault guard
 10991 | D        | Noticed a skeletal warrior
 10991 | D        | Noticed a quicksilver dragon
 10991 | D        | Noticed a vault guard
 10991 | D        | Noticed a vault guard
 10991 | D        | Noticed a shadow dragon
 10991 | D        | Noticed a vault guard
 10991 | D        | Noticed a vault guard
 10991 | D        | Noticed a frost giant
 10991 | D        | Noticed a vault guard
 10991 | D        | Noticed a vault guard
 10991 | D        | Noticed a frost giant
 10991 | D        | Noticed a vault guard
 10991 | D        | Noticed a vault guard
 10992 | D        | Noticed a slime creature
 10993 | D        | Noticed a centaur warrior
 10995 | D        | Killed a vault guard
 10996 | D        | Killed a vault guard
 10996 | D        | Reached skill level 24 in Stealth
 10996 | D        | Reached skill level 5 in Earth Magic
 11005 | D        | Killed a skeletal warrior
 11005 | D        | Killed a centaur warrior
 11007 | D        | Killed a skeletal warrior
 11007 | D        | Reached skill level 5 in Shields
 11007 | D        | Killed a vault guard
 11007 | D        | Killed a slime creature
 11007 | D        | Killed a quicksilver dragon
 11095 | D        | Killed a vault guard
 11097 | D        | Killed a vault guard
 11103 | D        | Killed a vault guard
 11124 | D        | Killed a fire giant
 11228 | D        | Killed a vault guard
 11228 | D        | Reached skill level 10 in Armour
 11228 | D        | Reached skill level 15 in Hexes
 11230 | D        | Killed a vault guard
 11292 | D        | Killed a golden dragon
 11340 | D        | Killed a frost giant
 11340 | D        | Reached skill level 10 in Translocations
 11533 | D        | Killed a vault guard
 11551 | D        | Killed a vault guard
 11556 | D        | Killed a fire giant
 11576 | D        | Killed a vault guard
 11660 | D        | Learned a level 6 spell: Iron Shot
 11769 | D        | Killed a shadow dragon
 11788 | D        | Killed a vault guard
 11790 | D        | Got a twitching bronze ring
 11852 | D        | Killed a vault guard
 11960 | D        | Killed a vault guard
 12015 | D        | Killed a vault guard
 12054 | D        | Killed a fire giant
 12054 | D        | Reached skill level 10 in Conjurations
 12074 | D        | Killed a vault guard
 12074 | D        | Reached XP level 16. HP: 56/86 MP: 5/41
 12095 | D        | Killed a frost giant
 12095 | D        | Reached skill level 25 in Stealth
 12105 | D        | Got a twitching steel ring
 12127 | D        | Got a silver rune of Zot
 12129 | D        | Identified the Volume of Mutagenic Translocation
 12165 | D        | Identified the ring "Asoumenu" {rF+ rC+} (You took it off a vault guard in the Dungeon)
 12167 | D        | Identified the ring of Lies {rElec rF+ Str+4 Dex+3 Stlth-} (You took it off a frost giant in the Dungeon)
 12492 | D        | Noticed a mummy priest
 12493 | D        | Noticed a guardian mummy
 12493 | D        | Noticed a guardian mummy
 12493 | D        | Noticed a mummy priest
 12493 | D        | Noticed a guardian mummy
 12493 | D        | Noticed a guardian mummy
 12493 | D        | Noticed a mummy priest
 12493 | D        | Noticed a greater mummy
 12493 | D        | Noticed a guardian mummy
 12493 | D        | Noticed a guardian mummy
 12493 | D        | Noticed a mummy priest
 12493 | D        | Noticed a greater mummy
 12493 | D        | Noticed a guardian mummy
 12493 | D        | Noticed a guardian mummy
 12493 | D        | Noticed a mummy priest
 12494 | D        | Killed a guardian mummy
 12495 | D        | Killed a mummy priest
 12497 | D        | Killed a guardian mummy
 12498 | D        | Killed a guardian mummy
 12499 | D        | Killed a guardian mummy
 12506 | D        | Killed a guardian mummy
 12638 | D        | Killed a guardian mummy
 12638 | D        | Killed a mummy priest
 12638 | D        | Killed a mummy priest
 13014 | D        | Killed a mummy priest
 13060 | D        | Killed a mummy priest
 13360 | D        | Killed a guardian mummy
 13954 | D        | Killed a guardian mummy
 13992 | D        | Killed a greater mummy
 13992 | D        | Reached skill level 10 in Transmutations
 14293 | D        | Killed a greater mummy
 14302 | D        | Got a golden rune of Zot
 14304 | D        | Identified the Papyrus of Enthralling Battle Magic (You found it in the Dungeon)
 14308 | D        | Got a scintillating lead ring
 14586 | D        | Identified the ring "Igimeq Onir" {Ice Int+4} (You took it off a guardian mummy in the Dungeon)
 14608 | D        | Identified the Compendium of Quantum Aid
 14864 | D        | Noticed a skeletal warrior
 14867 | D        | Killed a skeletal warrior
 15067 | D        | Noticed a fire elementalist statue
 15067 | D        | Noticed a water elementalist statue
 15067 | D        | Noticed an earth elementalist statue
 15067 | D        | Noticed an air elementalist statue
 15069 | D        | Killed a water elementalist statue
 15072 | D        | Killed a fire elementalist statue
 15074 | D        | Killed an air elementalist statue
 15220 | D        | Killed an earth elementalist statue
 15285 | D        | Noticed a titan zombie
 15285 | D        | Noticed a titan zombie
 15286 | D        | Noticed a golden dragon zombie
 15286 | D        | Noticed Boris
 15286 | D        | Noticed an iron troll simulacrum
 15286 | D        | Noticed a four-headed hydra simulacrum
 15287 | D        | Killed an iron troll simulacrum
 15288 | D        | Killed a titan zombie
 15290 | D        | Killed a golden dragon zombie
 15292 | D        | Killed Boris
 15293 | D        | Killed a four-headed hydra simulacrum
 15300 | D        | Killed a titan zombie
 15300 | D        | Reached skill level 26 in Stealth
 15365 | D        | Noticed an anaconda zombie
 15367 | D        | Killed an anaconda zombie
 15371 | D        | Noticed an anaconda zombie
 15373 | D        | Killed an anaconda zombie
 15386 | D        | Found Ronnuhux's Food Emporium.
 15386 | D        | Found Otir's Food Shop.
 15386 | D        | Found Paoj's Gadget Shop.
 15386 | D        | Found Otwe's Distillery.
 15386 | D        | Noticed an oklob plant
 15387 | D        | Noticed an oklob plant
 15388 | D        | Killed an oklob plant
 15392 | D        | Killed an oklob plant
 15396 | D        | Bought a potion of beneficial mutation for 350 gold pieces
 15396 | D        | Bought a potion of curing for 30 gold pieces
 15396 | D        | Bought a potion of heal wounds for 50 gold pieces
 15396 | D        | Bought a potion of curing for 30 gold pieces
 15396 | D        | Gained mutation: You have a somewhat thin skeletal structure (Dex +2, Stealth). [potion of beneficial mutation]
 15405 | D        | Noticed a shadow wraith
 15405 | D        | Noticed a skeletal warrior
 15405 | D        | Noticed a mummy priest
 15407 | D        | Killed a skeletal warrior
 15409 | D        | Killed a shadow wraith
 15411 | D        | Noticed a skeletal warrior
 15432 | D        | Killed a mummy priest
 15497 | D        | Noticed a wasp
 15498 | D        | Noticed a wasp
 15500 | D        | Killed a wasp
 15501 | D        | Killed a wasp
 15504 | D        | Killed a skeletal warrior
 15511 | D        | Noticed a hornet
 15681 | D        | Killed a hornet
 15744 | D        | Found Jetoraixze's Food Boutique.
 15744 | D        | Noticed an iron troll simulacrum
 15748 | D        | Killed an iron troll simulacrum
 15758 | D        | Noticed Roxanne
 15791 | D        | Noticed a large slime creature
 15791 | D        | Noticed a slime creature
 15791 | D        | Noticed a slime creature
 15791 | D        | Noticed a slime creature
 15792 | D        | Killed a slime creature
 15794 | D        | Killed a large slime creature
 15796 | D        | Killed a slime creature
 15798 | D        | Killed a slime creature
 15824 | D        | Noticed a molten gargoyle
 15827 | D        | Noticed a vampire knight
 15827 | D        | Noticed Mara
 15827 | D        | Noticed a vampire knight
 15828 | D        | Killed a molten gargoyle
 15830 | D        | Killed Mara
 15864 | D        | Killed a vampire knight
 15865 | D        | Killed a vampire knight
 16035 | D        | Noticed an ancient champion
 16036 | D        | Killed an ancient champion
 16275 | D        | Killed Roxanne
 16281 | D        | Identified Roxanne's Compendium of Shifting Clay (You took it off Roxanne in the Dungeon)
 16352 | D        | Noticed Mennas
 16356 | D        | Noticed a pristine statue
 16356 | D        | Noticed a pristine statue
 16356 | D        | Noticed a pristine statue
 16356 | D        | Noticed a pristine statue
 16357 | D        | Killed Mennas
 16357 | D        | Reached XP level 17. HP: 91/91 MP: 36/43
 16365 | D        | Killed a pristine statue
 16370 | D        | Killed a pristine statue
 16522 | D        | Killed a pristine statue
 16522 | D        | Reached skill level 10 in Poison Magic
 16658 | D        | Killed a pristine statue
 17112 | D        | Noticed a black mamba simulacrum
 17112 | D        | Noticed a wolf simulacrum
 17113 | D        | Noticed a polar bear simulacrum
 17113 | D        | Noticed an eight-headed hydra simulacrum
 17114 | D        | Killed a wolf simulacrum
 17115 | D        | Killed an eight-headed hydra simulacrum
 17118 | D        | Killed a polar bear simulacrum
 17120 | D        | Killed a black mamba simulacrum
 17381 | D        | Killed an ancient lich
 17381 | D        | Reached skill level 27 in Stealth
 17381 | D        | Reached skill level 10 in Shields
 17694 | D        | Noticed a shining eye
 17694 | D        | Noticed an azure jelly
 17696 | D        | Noticed a shining eye
 17696 | D        | Noticed an azure jelly
 17697 | D        | Found a viscous altar of Jiyva.
 17697 | D        | Noticed the royal jelly
 17699 | D        | Killed a shining eye
 17700 | D        | Killed an azure jelly
 17910 | D        | Killed a shining eye
 17911 | D        | Killed an azure jelly
 18191 | D        | HP: 2/93 [azure jelly[the royal jelly] (11)]
 18193 | D        | Annihilated by an acid blob

Vault maps used:
D:        dungeon_sprint_mu

Action                   |  1- 3 |  4- 6 |  7- 9 | 10-12 | 13-15 | 16-18 || total
-------------------------+-------+-------+-------+-------+-------+-------++-------
Melee: Dagger            |    18 |    25 |    58 |    97 |   177 |       ||   375
       Quick blade       |       |       |       |       |   189 |   237 ||   426
Throw: Throwing net      |       |       |       |       |       |     2 ||     2
 Cast: Corona            |     2 |       |       |       |     1 |       ||     3
       Ensorcelled Hiber |     1 |     1 |    33 |    38 |    19 |     6 ||    98
       Dazzling Spray    |       |     5 |     2 |    24 |   155 |    11 ||   197
       Confuse           |       |     2 |     3 |     4 |     1 |     4 ||    14
       Tukima's Dance    |       |     1 |       |     2 |    17 |    11 ||    31
       Apportation       |       |       |       |       |     8 |       ||     8
       Stoneskin         |       |       |       |       |     9 |     8 ||    17
       Mephitic Cloud    |       |       |       |       |     6 |     1 ||     7
       Searing Ray       |       |       |       |       |     4 |     1 ||     5
       Invisibility      |       |       |       |       |     3 |     3 ||     6
       Stone Arrow       |       |       |       |       |    30 |       ||    30
       Lee's Rapid Decon |       |       |       |       |    12 |    64 ||    76
       Iron Shot         |       |       |       |       |     9 |    23 ||    32
       Orb of Destructio |       |       |       |       |     9 |    12 ||    21
       Passwall          |       |       |       |       |       |     1 ||     1
Invok: Shadow Step       |       |       |     2 |    16 |    16 |     4 ||    38
 Abil: Evoke Flight      |       |       |       |       |     4 |     2 ||     6
  Use: Potion            |     2 |       |       |       |     6 |     5 ||    13
       Scroll            |     1 |       |       |       |     9 |    15 ||    25
 Stab: Sleeping          |     5 |     4 |    38 |    61 |    59 |    33 ||   200
       Invisible         |       |     1 |     2 |     4 |    14 |       ||    21
       Confused          |       |       |     3 |     3 |     7 |     4 ||    17
       Distracted        |       |       |       |       |     4 |     1 ||     5
  Eat: Bread ration      |       |       |       |     1 |     1 |       ||     2
       Fruit             |       |       |       |       |       |     3 ||     3
       Royal jelly       |       |       |       |       |       |     2 ||     2
       Pizza             |       |       |       |       |       |     1 ||     1
